 Dungeon Crawl Stone Soup version 0.31-a0-851-g7ff8af7976 (webtiles) character file.

Game seed: 7534141179688172358

10500 dualclasshuman the Spear-Bearer (level 11, -7/102 HPs)
             Began as a Minotaur Berserker on Oct 5, 2023.
             Was an Elder of Trog.
             Mangled by a catoblepas (8 damage)
             ... on level 2 of the Lair of Beasts on Oct 6, 2023.
             The game lasted 00:42:17 (11074 turns).

dualclasshuman the Spear-Bearer (MiBe)             Turns: 11074, Time: 00:42:18

Health: -7/102     AC: 16    Str: 28    XL:     11   Next: 37%
Magic:  10/10      EV: 14    Int:  8    God:    Trog [****..]
Gold:   1825       SH:  0    Dex: 10    Spells: 10/10 levels left

rFire   . . .        a - +6 halberd (protect)
rCold   . . .        (shield currently unavailable)
rNeg    . . .        h - +5 ring mail "Eneuwn" {-Cast Str+4}
rPois   .            (helmet unavailable)
rElec   .            (no cloak)
rCorr   .            l - +1 pair of gloves
SInv    .            j - +0 pair of boots
Will    ++++.        (no amulet)
Stlth   +            o - ring of willpower
HPRegen 1.37/turn    u - ring of willpower
MPRegen 0.12/turn

%: no spellcasting
@: about to teleport, strong-willed, regenerating, studying 2 skills
A: horns 3, retaliatory headbutt, clever 1
a: Renounce Religion, Berserk, Trog's Hand, Brothers in Arms


You were on level 2 of the Lair of Beasts.
You worshipped Trog.
Trog was greatly pleased with you.
You visited 2 branches of the dungeon, and saw 11 of its levels.
You also visited: Ossuary.

You collected 1825 gold pieces.

Inventory:

Hand Weapons
 a - a +6 halberd of protection (weapon)
 F - the +7 great sword "Ymmol" {drain, *Noise rF++ rN++}
   (You took it off an orc on level 8 of the Dungeon)

   rF++:      It greatly protects you from fire.
   rN++:      It greatly protects you from negative energy.
   *Noise:    It may make a loud noise when swung.
 K - a +4 spear
 N - a +5 battleaxe of freezing
Missiles
 m - 11 poisoned darts (quivered)
 p - a throwing net
 B - 7 boomerangs
 M - 3 curare-tipped darts
Armour
 h - the +5 ring mail "Eneuwn" (worn) {-Cast Str+4}
   (You found it on level 7 of the Dungeon)

   Str+4:     It affects your strength (+4).
   -Cast:     It prevents spellcasting.
 j - a +0 pair of boots (worn)
 l - a +1 pair of gloves (worn)
Jewellery
 o - a ring of willpower (left hand)
 u - a ring of willpower (right hand)
 E - a ring of resist corrosion
Talismans
 n - a flux talisman
 A - a maw talisman
 H - a beast talisman
Wands
 x - a wand of mindburst (5)
 D - a wand of iceblast (5)
Scrolls
 d - a scroll of identify
 g - 4 scrolls of immolation
 i - 7 scrolls of teleportation
 q - 2 scrolls of revelation
 r - a scroll of fog
 w - a scroll of poison
Potions
 b - a potion of magic {unknown}
 c - 2 potions of might {unknown}
 e - a potion of berserk rage {unknown}
 f - a potion of degeneration {unknown}
 k - a potion of ambrosia
 s - a potion of curing
 t - a potion of invisibility {unknown}
 v - 2 potions of attraction {unknown}
 z - 3 potions of heal wounds {unknown}
 G - a potion of cancellation {unknown}
 J - 3 potions of lignification


   Skills:
 * Level 11.0 Fighting
 * Level 6.7 Long Blades
 + Level 11.3 Polearms
 + Level 1.3 Throwing
 * Level 10.3 Armour
 * Level 9.0 Dodging
 - Level 1.4 Stealth
 + Level 0.1 Evocations


You had 10 spell levels left.
You didn't know any spells.
Your spell library was empty.

Dungeon Overview and Level Annotations

Branches:
Dungeon (9/15)             Temple (0/1) D:7            Lair (2/5) D:9
Ossuary (visited)
  Swamp: Lair:2-3    Shoals: Lair:2-3     Snake: Lair:2-3    Spider: Lair:2-3
    Orc: D:9-12

Altars:
Ashenzari
Gozag
Kikubaaqudgha
Okawaru
Sif Muna
Trog
Vehumet
Wu Jian
Yredelemnul
The Shining One

Shops:
D:9 :


Innate Abilities, Weirdness & Mutations

You have a pair of large horns on your head.
You reflexively headbutt those who attack you in melee.
Your mind is acute. (Int +4, Str/Dex -1)


Message History

The catoblepas breathes a plume of calcifying dust at you.
The blast of calcifying dust hits you but does no damage.
It was a potion of curing.
You feel better.
You are engulfed in calcifying dust.
You feel less invigorated.
The blink frog is no longer petrified. x2; The cane toad stings you!
* * * LOW HITPOINT WARNING * * *
The catoblepas breathes a plume of calcifying dust at you.
The blast of calcifying dust hits you!
* * * LOW HITPOINT WARNING * * *
Your ogre hits the blink frog with a +0 giant club!!!
The blink frog dies!
Trog accepts your kill. The catoblepas gores you!
* * * LOW HITPOINT WARNING * * *
The blink frog blinks!
The blink frog attacks as it pursues you!
The blink frog closely misses you.
Your ogre hits the yak with a +0 giant club!!!
The yak dies!
Trog accepts your kill.
The cane toad is engulfed in calcifying dust.
The cane toad is moving more slowly.
The cane toad stings you but does no damage.
The air fills with toxic fumes!
As you read the scroll of poison, it crumbles to dust.
The blink frog barely misses you.
Your ogre rages.
The cane toad is engulfed in calcifying dust.
The cane toad stops moving altogether!
As you read the scroll of teleportation, it crumbles to dust.
You feel strangely unstable.
The blink frog hits you but does no damage.
Your ogre is engulfed in poison gas.
Your ogre is poisoned.
The blink frog hits you!
* * * LOW HITPOINT WARNING * * *
The blink frog blinks!
The catoblepas is engulfed in poison gas.
The catoblepas is poisoned.
The catoblepas gores you!
You die...

P#...P.......####.....P...)..#
#...<......###.#§§§§##......#
#....>..§#.#.##.§§§§§......##
#.....P#§§......§§§§.#.###.#
.....P...§§§.#.##§§§..### ###
.....#...§§§§.###§§.###
....#....§§P§§.#§§###
.........§§#§§.#Y#.#
.........§§§§§.Y@###
##...§§§O§§FF## ....§.§#§Y§§§#
..$.§.§§.§§§## ....§§§§P##§#
....§§§###### #...#§F ....§..
.......


You could see a catoblepas (poisoned), 2 yaks, a cane toad (petrified), 2 blink
frogs and a friendly ogre (summoned, berserk, poisoned).

Vanquished Creatures
  2 unseen horror zombies (D:8)
  A cane toad (Lair:1)
  A komodo dragon (Lair:1)
  A hornet (D:7)
  13 blink frogs (Lair:1)
  3 yaks (D:9)
  10 water moccasins
  An orc warrior (D:7)
  4 black bears (D:9)
  7 centaurs
  A phantom (D:6)
  An elf zombie (Ossuary)
  9 bullfrogs
  3 gnoll sergeants
  16 wights
  3 killer bees (D:8)
  An electric eel (Lair:1)
  5 quasits (D:7)
  3 centaur zombies
  2 jellies
  5 orc priests
  3 hounds
  2 human zombies (Ossuary)
  A sleepcap (D:7)
  6 iguanas
  5 orc wizards
  Natasha (twice) (D:3)
  2 mummies (Ossuary)
  A howler monkey zombie (D:8)
  Robin (D:4)
  6 adders
  14 gnolls
  3 shadow imps
  5 white imps
  5 ufetubi (D:7)
  2 dart slugs
  25 orcs
  2 bats (D:1)
  7 endoplasms
  6 giant cockroaches
  4 gnoll zombies (Ossuary)
  8 goblins
  13 hobgoblins
  2 jackals (D:2)
  2 kobolds
  6 quokkas
  5 ball pythons
  A frilled lizard (D:2)
  3 goblin zombies (Ossuary)
  2 hobgoblin zombies (Ossuary)
  An orc zombie (Ossuary)
  4 rats
241 creatures vanquished.

Vanquished Creatures (collateral kills)
  A hydra (Lair:2)
  A blink frog (Lair:2)
  A yak (Lair:2)
  A gnoll sergeant (D:8)
  A wight (D:8)
  An orc priest (D:8)
  An orc wizard (D:8)
  2 gnolls (D:8)
9 creatures vanquished.

Grand Total: 250 creatures vanquished

Notes
Turn   | Place    | Note
-------+----------+-------------------------------------------
     0 | D:1      | dualclasshuman the Minotaur Berserker began the quest for
                  | the Orb.
     0 | D:1      | Reached XP level 1. HP: 19/19 MP: 0/0
   157 | D:1      | Reached XP level 2. HP: 26/27 MP: 1/1
   363 | D:1      | Found a faded altar of an unknown god.
   363 | D:1      | Noticed a chaos spawn
   852 | D:2      | Reached XP level 3. HP: 33/33 MP: 2/2
   938 | D:2      | Reached ** piety under Trog
  1758 | D:3      | Reached XP level 4. HP: 4/41 MP: 3/3
  2050 | D:3      | Noticed Natasha
  2065 | D:3      | Killed Natasha
  2066 | D:3      | Reached skill level 5 in Polearms
  2158 | D:3      | Found a broken altar of Ashenzari.
  2816 | D:3      | Noticed Natasha
  2826 | D:3      | Killed Natasha
  2827 | D:3      | Reached XP level 5. HP: 18/47 MP: 4/4
  3187 | D:4      | Noticed Robin
  3204 | D:4      | Killed Robin
  3556 | D:4      | Found a radiant altar of Vehumet.
  3640 | D:4      | Reached skill level 5 in Fighting
  4108 | D:5      | Entered Level 5 of the Dungeon
  4119 | D:5      | Found an ancient bone altar of Kikubaaqudgha.
  4165 | D:5      | Reached skill level 1 in Long Blades
  4165 | D:5      | Reached XP level 6. HP: 45/56 MP: 5/5
  4178 | D:5      | Found a sand-covered staircase.
  4230 | Ossuary  | Entered an ossuary
  4374 | Ossuary  | Reached XP level 7. HP: 45/62 MP: 6/6
  4690 | D:5      | Found a shimmering blue altar of Sif Muna.
  4751 | D:5      | Found an iron altar of Okawaru.
  5026 | D:5      | Reached *** piety under Trog
  5240 | D:5      | Reached skill level 1 in Stealth
  5646 | D:6      | Reached skill level 5 in Armour
  5674 | D:6      | Reached XP level 8. HP: 33/70 MP: 7/7
  6191 | D:6      | Reached skill level 5 in Dodging
  6455 | D:7      | Noticed a hornet
  6463 | D:7      | Killed a hornet
  6464 | D:7      | Reached skill level 1 in Throwing
  6610 | D:7      | Identified the +5 ring mail "Eneuwn" {-Cast Str+4}
  7038 | D:7      | Found an opulent altar of Gozag.
  7041 | D:7      | Found a glowing golden altar of the Shining One.
  7095 | D:7      | Reached **** piety under Trog
  7096 | D:7      | Reached XP level 9. HP: 41/79 MP: 8/8
  7212 | D:7      | Found a staircase to the Ecumenical Temple.
  7689 | D:8      | Found a basalt altar of Yredelemnul.
  8101 | D:8      | Identified the +7 great sword "Ymmol" {drain, *Noise rF++
                  | rN++}
  8143 | D:8      | Reached XP level 10. HP: 88/91 MP: 9/9
  9011 | D:9      | Reached skill level 5 in Long Blades
  9040 | D:9      | Found a staircase to the Lair.
  9317 | D:9      | Gained mutation: You passively map a small area around you.
                  | [potion of mutation]
  9317 | D:9      | Gained mutation: You occasionally lose the ability to drink
                  | potions when taking damage. [potion of mutation]
  9317 | D:9      | Gained mutation: Your spells are a little harder to cast,
                  | but a little more powerful. [potion of mutation]
  9361 | D:9      | Lost mutation: You passively map a small area around you.
                  | [potion of mutation]
  9361 | D:9      | Lost mutation: You occasionally lose the ability to drink
                  | potions when taking damage. [potion of mutation]
  9361 | D:9      | Lost mutation: Your spells are a little harder to cast, but
                  | a little more powerful. [potion of mutation]
  9361 | D:9      | Gained mutation: Your spells are a little harder to cast,
                  | but a little more powerful. [potion of mutation]
  9361 | D:9      | Gained mutation: Your body sometimes deteriorates upon
                  | taking damage. [potion of mutation]
  9361 | D:9      | Gained mutation: You expend magic power (3 MP) to
                  | strengthen your wands. [potion of mutation]
  9362 | D:9      | Lost mutation: Your body sometimes deteriorates upon taking
                  | damage. [potion of mutation]
  9362 | D:9      | Lost mutation: You expend magic power (3 MP) to strengthen
                  | your wands. [potion of mutation]
  9362 | D:9      | Lost mutation: Your spells are a little harder to cast, but
                  | a little more powerful. [potion of mutation]
  9362 | D:9      | Gained mutation: You occasionally lose the ability to drink
                  | potions when taking damage. [potion of mutation]
  9363 | D:9      | Lost mutation: You occasionally lose the ability to drink
                  | potions when taking damage. [potion of mutation]
  9363 | D:9      | Gained mutation: You have a pair of large horns on your
                  | head. [potion of mutation]
  9363 | D:9      | Gained mutation: Your mind is acute. (Int +4, Str/Dex -1)
                  | [potion of mutation]
  9421 | D:9      | Found Gaet's Tremendous Tomes.
  9617 | D:9      | Identified a scroll of acquirement
  9617 | D:9      | Acquired 1034 gold pieces
  9658 | D:9      | Reached skill level 10 in Polearms
  9687 | D:9      | Found an ornate altar of the Wu Jian Council.
  9810 | D:9      | Found a bloodstained altar of Trog.
  9945 | Lair:1   | Entered Level 1 of the Lair of Beasts
  9966 | Lair:1   | Acquired a manual of Maces & Flails
 10082 | Lair:1   | Reached skill level 10 in Fighting
 10274 | Lair:1   | Reached XP level 11. HP: 78/101 MP: 10/10
 10514 | Lair:1   | Reached skill level 10 in Armour
 11000 | Lair:2   | Acquired a manual of Armour
 11046 | Lair:2   | Noticed a seven-headed hydra
 11051 | Lair:2   | Noticed a catoblepas
 11062 | Lair:2   | Killed an eight-headed hydra
 11074 | Lair:2   | HP: 1/102 [blink frog (13)]
 11074 | Lair:2   | Mangled by a catoblepas

Illustrated notes

Levels and vault maps discovered:
D:1:      elethiomel_arrival_maze, layout_basic,
          dreamdust_ecumenical_altar_sealed_demon, minmay_distorted
D:2:      layout_basic, cheibrodos_gnoll_hut
D:3:      layout_basic, mainiacjoe_overflow_catwalk, serial_co_window_serial,
          co_window_of_opportunity_a, co_window_cross_1, co_window_paths_b,
          co_window_paths_a, co_window_corner_a, co_window_of_opportunity_c,
          co_window_broadway_c, co_window_corner_b, co_window_paths_c,
          co_window_2corner, co_window_2corner, co_window_broadway_b,
          co_window_paths_d, glass_columns_b, glass_columns_b, glass_columns_a,
          glass_columns_a, uniq_natasha
D:4:      layout_loops_corners, mainiacjoe_overflow_six_doors_small,
          kennysheep_potato, uniq_robin
D:5:      layout_rooms, kennysheep_orc_sif_temple,
          nicolae_kikubaaqudgha_miasma_corner, overflow_temple_1_default,
          nicolae_ossuary_entry_false_entrances, lightli_minifort
D:6:      layout_rooms, grunt_decor_mini_mirrors, minmay_misc_feat_x
D:7:      layout_cave_pools, nicolae_overflow_squiral,
          minmay_temple_entry_fiery, serial_demonic, serial_demonic_d,
          serial_demonic_f, serial_demonic_d, serial_demonic_b,
          serial_demonic_c, serial_demonic_a
D:8:      layout_cave_pods, mainiacjoe_overflow_small_starburst, serial_undead,
          serial_undead_c, serial_undead_e, serial_undead_d, serial_undead_a,
          serial_undead_d
D:9:      layout_loops_cross, nicolae_wu_jian_immortal_techniques,
          trog_ov_bears_minmay, due_lair_maze_entry_diamond,
          nicolae_shop_i_like_big_books
Lair:1:   layout_hall_layers, serial_forest, infiniplex_forest_clump_double,
          infiniplex_forest_lined_2, infiniplex_forest_zigzag_2,
          infiniplex_forest_lined_room_3, infiniplex_forest_zigzag_1,
          infiniplex_forest_straight_1, fungi_pond_lemuel
Lair:2:   layout_misc_corridors, guppyfry_snake_entry_garden,
          gauntlet_entry_generic

Skill      XL: |  1  2  3  4  5  6  7  8  9 10 11 |
---------------+----------------------------------+-----
Polearms       | 4 5 6 8 10 11 | 11.3
Fighting       | 4 5 6 7 9 10 11 | 11.0
Dodging        | 3 4 5 7 8 9 |  9.0
Armour         | 3 5 7 8 9 10 | 10.3
Long Blades    | 1 2 3 4 6 |  6.7
Stealth        | 1 |  1.4
Throwing       | 1 |  1.3
Evocations     | |  0.1

Action                     |  1- 3 |  4- 6 |  7- 9 | 10-12 || total
---------------------------+-------+-------+-------+-------++-------
  Melee: Spear             |    99 |    15 |   240 |       ||   354
         Headbutt          |     9 |    15 |    47 |    27 ||    98
         Falchion          |       |    94 |    73 |       ||   167
         Long sword        |       |       |    26 |       ||    26
         Halberd           |       |       |    15 |   192 ||   207
         Great sword       |       |       |       |     5 ||     5
  Throw: Dart              |       |       |     4 |     4 ||     8
 Invoke: Berserk           |     1 |     3 |     5 |     1 ||    10
         Trog's Hand       |     1 |     2 |     5 |     1 ||     9
         Brothers in Arms  |       |       |     1 |     1 ||     2
  Evoke: Wand              |       |       |       |     2 ||     2
    Use: Scroll            |       |       |     6 |    13 ||    19
         Potion            |       |       |       |     6 ||     6
   Stab: Sleeping          |     1 |       |       |       ||     1
 Armour: Animal skin       |    34 |    65 |       |       ||    99
         Chain mail        |       |    45 |   190 |       ||   235
         Ring mail         |       |       |   188 |   186 ||   374
  Dodge: Dodged            |    34 |    92 |   274 |   148 ||   548

Table legend: (Time is in decaauts)
 A = Elapsed time spent in this place.
 B = Non-inter-level travel time spent in this place.
 C = Inter-level travel time spent in this place.
 D = Time resting spent in this place.
 E = Time spent auto-exploring this place.
 F = Levels seen in this place.
 G = Mean time per level.
                   A        B        C        D        E       F      G
               +--------+--------+--------+--------+--------+-----+--------+
         Total |  11207 |  10853 |    354 |   1996 |   6298 |  12 |  933.9 |
       Dungeon |   9773 |   9445 |    328 |   1631 |   5738 |   9 | 1085.9 |
          Lair |   1131 |   1105 |     26 |    317 |    442 |   2 |  565.5 |
       Ossuary |    303 |    303 |      0 |     48 |    118 |   1 |  303.0 |
               +--------+--------+--------+--------+--------+-----+--------+

Top non-repeatable levels by time:
     D:3: 1792 daAuts
     D:8: 1629 daAuts
     D:5: 1181 daAuts
  Lair:1: 1045 daAuts
     D:9: 994 daAuts
     D:4: 992 daAuts
     D:7: 934 daAuts
     D:6: 852 daAuts
     D:1: 752 daAuts
     D:2: 643 daAuts
 Ossuary: 303 daAuts
  Lair:2: 85 daAuts
